 Dungeon Crawl Stone Soup version 0.30-a0-777-ga9a30cbeda (webtiles) character file.

Game seed: 8117789589443833239

76 omnomnOMINOUS the Chiller (level 4, 0/26 HPs)
             Began as an Octopode Wanderer on Feb 13, 2023.
             Slain by an orc
             ... wielding a +0 whip
              (2 damage)
             ... on level 3 of the Dungeon.
             The game lasted 00:03:17 (2079 turns).

omnomnOMINOUS the Chiller (Octopode Wanderer)       Turns: 2079, Time: 00:03:18

Health: 0/26       AC:  1    Str:  9 (10) XL:     4   Next: 32%
Magic:  7/7        EV: 12    Int: 20      God:
Gold:   112        SH:  0    Dex:  6 (8)  Spells: 4/7 levels left

rFire   + . .      SeeInvis .    a - +0 trident
rCold   + . .      Faith    .    (no shield)
rNeg    . . .      Spirit   .    (helmet restricted)
rPois   +          Reflect  .    (no amulet)
rElec   +          Harm     .    (no ring)
rCorr   +          Rampage  .    (no ring)
Will    .....                    (no ring)
Stlth   ++                       (no ring)
HPRegen 0.24/turn                (no ring)
MPRegen 0.10/turn                (no ring)
                                 (no ring)
                                 (no ring)

@: confused, resistant
A: almost no armour, amphibious, 8 rings, camouflage 1, gelatinous body 1,
(nimble swimmer 1), tentacles, deterioration 1, frail 1
a: no special abilities


You were on level 3 of the Dungeon.
You visited 1 branch of the dungeon, and saw 3 of its levels.

You collected 112 gold pieces.

Inventory:

Hand Weapons
 a - a +0 trident (weapon)
Wands
 c - a wand of polymorph (5) (quivered)
 h - a wand of iceblast (8)
Scrolls
 e - a scroll of silence {unknown}
 g - a scroll of teleportation {unknown}
 j - a scroll of immolation {unknown}
 k - a scroll of identify {unknown}
 l - 3 scrolls of fog {unknown}
Potions
 d - 2 potions of curing
 i - a potion of attraction {unknown}
 m - a potion of lignification {unknown}


   Skills:
 + Level 1.8 Fighting
 + Level 0.7 Polearms
 + Level 1.8 Dodging
 - Level 1.3 Stealth
 + Level 2.0 Spellcasting
 + Level 2.2 Summonings
 - Level 5.0 Ice Magic
 - Level 1.1 Evocations


You had 4 spell levels left.
You knew the following spells:

 Your Spells              Type           Power      Damage    Failure   Level
a - Call Canine Familiar  Summ           11%        N/A       19%         3

Your spell library contained the following spells:

 Spells                   Type           Power      Damage    Failure   Level
 Freeze                   Ice            88%        1d9       1%          1
 Summon Small Mammal      Summ           44%        N/A       6%          1
 Ozocubu's Armour         Ice            22%        N/A       6%          3
 Hailstorm                Conj/Ice       12%        3d5       17%         3
 Summon Guardian Golem    Hex/Summ       6%         N/A       30%         3


Dungeon Overview and Level Annotations

Branches:
Dungeon (3/15)

Altars:
Xom


Innate Abilities, Weirdness & Mutations

You cannot wear most types of armour.
You are amphibious.
You can wear up to eight rings at the same time.
Your skin changes colour to match your surroundings (Stealth+).
Your rubbery body absorbs attacks. (AC +1, EV +1)
((You are camouflaged when in or above water. (Stealth+)))
You have tentacles for arms and can constrict up to eight enemies at once.
Your body sometimes deteriorates upon taking damage.
You are frail. (-10% HP)


Message History

You barely miss something. Something hits you.
* * * LOW HITPOINT WARNING * * *
You miss something.
A jackal comes into view.
You hear some strange, mumbled words.
You are confused.
You hear some strange, mumbled words.
Something tries to affect you, but you resist.
It was a potion of curing.
You feel better. Something hits you.
You closely miss something. Something hits you.
You barely miss something. Something hits you.
* * * LOW HITPOINT WARNING * * *
You feel much better. Something hits you.
You closely miss something. Your squeeze misses something. Something hits you.
You barely miss something. Your squeeze misses something. Something hits you.
You hear some strange, mumbled words.
You are confused.
You bump into the rock wall.
Something hits you.
You miss something. Your squeeze misses something. Something hits you.
You miss something.
You hear some strange, mumbled words.
You are more confused.
You're too confused to move!
Something hits you.
You closely miss something. You completely miss something.
The jackal barks!
Your squeeze misses something.
You hear a bark!
Something hits you. The orc barely misses you.
A jackal comes into view.
Something hits you. The orc hits you with a +0 whip.
You closely miss the orc. Something hits you.
* * * LOW HITPOINT WARNING * * *
It was a potion of resistance.
You feel protected. Something hits you.
* * * LOW HITPOINT WARNING * * *
The orc hits you with a +0 whip.
You die...
Xom thinks this is hilarious!

##### ## ## #...
.#
##...###o######.#
#...hhSo@.......#
....h###..#.##..#
### #..#.##..#
#........#
##.###..## #+##
#.# #..# ##...##
#.###..#
##.....###......#
##.......######.##


You could see an adder, 2 orcs and 3 jackals.

Vanquished Creatures
  An orc priest (D:3)
  A worm (D:2)
  3 dart slugs
  2 orcs (D:3)
  A ball python (D:2)
  4 bats
  2 endoplasms (D:2)
  7 hobgoblins
  3 quokkas (D:2)
  2 frilled lizards
  3 goblins
  2 kobolds
  5 rats
36 creatures vanquished.

Notes
Turn   | Place    | Note
-------+----------+-------------------------------------------
     0 | D:1      | omnomnOMINOUS the Octopode Wanderer began the quest for the
                  | Orb.
     0 | D:1      | omnomnOMINOUS set off with the following items: a +0 club,
                  | a potion of heal wounds, a wand of polymorph (5); and the
                  | following spells available to memorise: Freeze, Summon
                  | Small Mammal, Ozocubu's Armour, Hailstorm, Summon Guardian
                  | Golem.
     0 | D:1      | Reached XP level 1. HP: 11/11 MP: 2/2
   258 | D:1      | Reached XP level 2. HP: 14/18 MP: 3/3
   329 | D:1      | Found a faded altar of an unknown god.
   648 | D:1      | Prayed at the altar of an unknown god.
   648 | D:1      | Became a worshipper of Xom the Fickle
   731 | D:2      | Fell from the grace of Xom
   735 | D:2      | Reached skill level 1 in Fighting
   736 | D:2      | Reached skill level 1 in Dodging
   912 | D:2      | You fall into a shaft and drop 1 floor!
   965 | D:3      | XOM: torment (10/18 hp)
  1031 | D:3      | Reached XP level 3. HP: 18/23 MP: 5/5
  1450 | D:2      | XOM: give mutations
  1450 | D:2      | Gained mutation: You are frail. (-10% HP) [Xom's mischief]
  1450 | D:2      | Lost mutation: You are frail. (-10% HP) [Xom's mischief]
  1450 | D:2      | Gained mutation: Your body sometimes deteriorates upon
                  | taking damage. [Xom's mischief]
  1450 | D:2      | Gained mutation: You are frail. (-10% HP) [Xom's mischief]
  1451 | D:2      | Learned a level 3 spell: Call Canine Familiar
  2056 | D:3      | Reached XP level 4. HP: 5/26 MP: 5/7
  2079 | D:3      | Slain by an orc

Illustrated notes

Levels and vault maps discovered:
D:1:      saegor_arrival_simple_a, layout_basic,
          shapermc_ecumenical_altar_mp_highgroup
D:2:      layout_basic
D:3:      layout_loops_corners, overflow_temple_1_default,
          guppyfry_early_orc_mine, uniq_grinder, uniq_robin

Skill      XL: |  1  2  3 |
---------------+----------+-----
Fighting       | 1 |  1.8
Dodging        | 1 |  1.8
Spellcasting   | 2 |  2.0
Polearms       | |  0.7
Stealth        | |  1.3
Summonings     | |  2.2
Ice Magic      | |  5.0
Evocations     | |  1.1

Action                     |  1- 3 |  4- 6 || total
---------------------------+-------+-------++-------
  Melee: Club              |    49 |       ||    49
         Constrict         |    19 |     1 ||    20
         Tentacles         |     9 |       ||     9
         Trident           |    49 |    17 ||    66
         Punch             |     1 |       ||     1
 Invoke: Renounce Religion |     1 |       ||     1
    Use: Potion            |       |     4 ||     4
   Stab: Sleeping          |     9 |       ||     9
 Armour: Skin              |    11 |       ||    11
  Dodge: Dodged            |    53 |     2 ||    55

Table legend: (Time is in decaauts)
 A = Elapsed time spent in this place.
 B = Non-inter-level travel time spent in this place.
 C = Inter-level travel time spent in this place.
 D = Time resting spent in this place.
 E = Time spent auto-exploring this place.
 F = Levels seen in this place.
 G = Mean time per level.
                   A        B        C        D        E       F      G
               +--------+--------+--------+--------+--------+-----+--------+
         Total |   2111 |   2037 |     74 |    112 |   1574 |   3 |  703.7 |
       Dungeon |   2111 |   2037 |     74 |    112 |   1574 |   3 |  703.7 |
               +--------+--------+--------+--------+--------+-----+--------+

Top non-repeatable levels by time:
     D:2: 1038 daAuts
     D:1: 739 daAuts
     D:3: 334 daAuts
